Map: Hard Lead LE

Players

PiG - Winner!

  • Race: Zerg Zerg
  • League: Master
  • Spawn Location: 5:00

justasloth (Nina)

  • Race: Protoss Protoss
  • League: Grandmaster
  • Spawn Location: 11:00

VOD

Have the link to the VOD?

Description

Time

  • Played on: Oct. 28, 2023, 6:30 p.m.
  • Length: 13:17
Show
View Real Time Build Order
Export as new Build Order

PiG Zerg - Winner!

Build Orders: Hatch First 

Get SALT Encoding   

  12  0:00  Drone  
  13  0:08  Drone  
  14  0:17  Extractor, Drone  
  15  0:38  Hatchery  
  14  0:45  Extractor, Drone  
  14  0:49  Overlord  
  15  1:03  Spawning Pool  
  14  1:07  Drone  
  14  1:11  Drone  
  16  1:14  Drone  
  17  1:21  Extractor  
  17  1:22  Drone  
  17  1:29  Drone  
  19  1:40  Drone  
  19  1:52  Drone  
  19  1:53  Queen x2  
  25  1:54  Zergling x2  
  26  2:01  Drone x2  
  27  2:11  Overlord  
  27  2:18  Drone  
  28  2:24  Metabolic Boost  
  28  2:28  Overlord  
  28  2:33  Drone x2  
  30  2:37  Drone  
  31  2:46  Drone x2  
  31  2:50  Hatchery  
  32  2:55  Queen  
  34  2:59  Drone  
  35  3:10  Zergling x4  
  37  3:13  Drone x5  
  42  3:20  Spore Crawler  
  42  3:26  Drone x3  
  44  3:36  Overlord x2  
  44  3:47  Overlord  
  44  3:48  Overlord  
  44  3:54  Queen  
  44  3:55  Drone x3  
  49  3:57  Zergling x2  
  49  3:59  Queen  
  52  4:03  Queen  
  52  4:04  Drone x2  
  55  4:13  Drone x6  
  55  4:16  Spore Crawler  
  60  4:18  Spore Crawler  
  60  4:22  Zergling x2  
  60  4:23  Zergling x2  
  61  4:25  Zergling x2  
  61  4:28  Zergling x2  
  63  4:34  Zergling x2  
  63  4:44  Overlord x2  
  63  4:45  Lair  
  63  4:49  Drone x6  
  69  4:52  Extractor  
  69  4:55  Roach Warren  
  69  4:58  Drone x3  
  69  4:59  Extractor x2  
  68  5:10  Drone x3  
  68  5:11  Queen  
  73  5:18  Drone x10  
  82  5:22  Overlord  
  81  5:28  Extractor  
  77  5:37  Drone  
  77  5:38  Hatchery  
  77  5:40  Roach x2  
  77  5:41  Roach x2  
  84  5:44  Queen  
  86  5:50  Roach x8  
  102  5:57  Overlord x3  
  102  6:04  Spire  
  101  6:05  Overlord  
  101  6:06  Overlord x3  
  101  6:07  Ravager x2  
  103  6:11  Ravager  
  103  6:14  Queen  
  103  6:17  Ravager  
  103  6:18  Zergling x10  
  112  6:25  Ravager  
  113  6:26  Zergling x12  
  119  6:34  Ravager x2  
  119  6:35  Extractor  
  119  6:39  Zergling x10  
  118  6:58  Drone x2  
  118  6:59  Zergling x12, Drone  
  121  7:07  Zergling x12  
  124  7:12  Hatchery  
  116  7:19  Extractor  
  111  7:23  Extractor  
  98  7:32  Drone  
  98  7:33  Drone x3, Hydralisk Den  
  98  7:34  Overseer  
  98  7:35  Drone x3  
  98  7:36  Drone x3  
  88  7:51  Drone x2  
  89  7:53  Evolution Chamber x2  
  89  7:57  Drone x6  
  91  8:09  Hydralisk x12  
  110  8:13  Spore Crawler  
  110  8:14  Spore Crawler  
  106  8:26  Hydralisk x7  
  111  8:35  Extractor  
  111  8:37  Hatchery  
  103  8:41  Extractor  
  99  8:53  Hydralisk Den  
  98  9:06  Mutalisk x11  
  98  9:09  Zergling x2  
  121  9:12  Zerg Missile Weapons Level 1  
  121  9:16  Hatchery  
  120  9:18  Overlord x2  
  120  9:29  Hydralisk x4  
  128  9:32  Grooved Spines  
  126  9:42  Drone x3  
  126  9:44  Drone x5  
  134  9:46  Extractor  
  131  9:56  Drone x2  
  131  9:57  Drone  
  131  9:58  Drone x2  
  131  9:59  Drone x3  
  139  10:03  Zerg Ground Armor Level 1  
  137  10:22  Muscular Augments  
  137  10:24  Hydralisk x8  
  153  10:34  Overlord x2  
  153  10:35  Overlord x2  
  153  10:38  Hydralisk x2  
  157  10:52  Hydralisk x7  
  167  11:05  Infestation Pit, Zerg Flyer Weapons Level 1  
  167  11:10  Hydralisk x6  
  176  11:27  Hydralisk x8  
  174  11:57  Hydralisk x13  
  174  12:01  Hydralisk x2  
  174  12:02  Hydralisk  
  152  13:14  Extractor  
Show
View Real Time Build Order
Export as new Build Order

justasloth Protoss 

Build Orders: 1 Gate Expand 

Get SALT Encoding   

  12  0:00  Probe  
  13  0:13  Probe  
  14  0:19  Pylon  
  14  0:25  Probe (Chrono Boost)  
  15  0:38  Gateway, Probe (Chrono Boost)  
  16  0:46  Probe (Chrono Boost)  
  17  0:50  Assimilator  
  17  0:52  Probe  
  18  1:04  Probe  
  19  1:16  Probe  
  20  1:25  Nexus  
  20  1:37  Cybernetics Core  
  20  1:39  Probe  
  21  1:51  Probe  
  21  1:52  Assimilator  
  22  1:55  Pylon  
  22  2:03  Probe  
  23  2:12  Probe  
  23  2:14  Adept (Chrono Boost)  
  24  2:20  Probe  
  26  2:23  Stargate  
  27  2:31  Probe (Chrono Boost)  
  27  2:34  Warp Gate  
  28  2:37  Probe (Chrono Boost)  
  28  2:39  Adept  
  32  2:47  Probe x2 (Chrono Boost)  
  33  2:52  Probe (Chrono Boost)  
  33  2:54  Probe  
  35  3:04  Probe  
  36  3:12  Probe  
  41  3:15  Void Ray  
  41  3:17  Probe  
  42  3:24  Probe  
  43  3:29  Probe  
  43  3:31  Pylon  
  44  3:37  Probe  
  45  3:41  Probe  
  45  3:45  Nexus  
  46  3:49  Probe  
  46  3:53  Probe  
  48  3:59  Void Ray (Chrono Boost)  
  48  4:01  Pylon, Probe  
  53  4:06  Probe  
  54  4:17  Nexus  
  54  4:19  Probe  
  54  4:20  Probe  
  56  4:24  Assimilator  
  56  4:26  Assimilator  
  60  4:32  Probe  
  60  4:34  Void Ray (Chrono Boost), Probe  
  62  4:41  Stargate  
  62  4:43  Pylon  
  62  4:50  Forge  
  62  4:57  Probe (Chrono Boost)  
  62  4:58  Probe (Chrono Boost)  
  65  5:02  Probe (Chrono Boost)  
  70  5:07  Void Ray (Chrono Boost)  
  70  5:08  Probe x2 (Chrono Boost)  
  70  5:11  Probe (Chrono Boost)  
  70  5:12  Probe (Chrono Boost)  
  70  5:13  Probe (Chrono Boost)  
  73  5:17  Stargate  
  75  5:21  Probe  
  75  5:23  Probe  
  75  5:24  Probe  
  80  5:32  Void Ray, Probe (Chrono Boost)  
  80  5:33  Probe (Chrono Boost)  
  81  5:37  Probe (Chrono Boost), Pylon  
  81  5:41  Probe (Chrono Boost)  
  83  5:44  Photon Cannon  
  83  5:45  Probe (Chrono Boost)  
  83  5:47  Probe (Chrono Boost)  
  83  5:48  Probe (Chrono Boost)  
  83  5:49  Zealot  
  92  5:50  Probe (Chrono Boost)  
  92  5:51  Probe (Chrono Boost)  
  92  5:52  Void Ray, Probe (Chrono Boost)  
  92  5:55  Probe  
  96  5:59  Photon Cannon  
  96  6:02  Probe  
  97  6:04  Probe  
  97  6:05  Probe  
  97  6:10  Probe  
  104  6:11  Pylon  
  104  6:13  Void Ray, Shield Battery  
  104  6:14  Probe  
  104  6:16  Probe  
  106  6:19  Probe  
  106  6:24  Pylon  
  107  6:25  Pylon  
  107  6:26  Protoss Air Weapons Level 1 (Chrono Boost), Pylon  
  107  6:27  Assimilator  
  107  6:30  Assimilator, Probe  
  107  6:31  Probe  
  109  6:33  Pylon  
  109  6:37  Probe  
  109  6:38  Probe  
  115  6:40  Protoss Shields Level 1  
  115  6:42  Void Ray  
  114  6:48  Zealot  
  110  6:58  Probe  
  105  7:01  Probe  
  105  7:03  Void Ray x2  
  105  7:06  Probe  
  103  7:10  Probe  
  103  7:11  Zealot  
  103  7:13  Probe  
  106  7:22  Probe  
  112  7:25  Void Ray (Chrono Boost), Probe  
  107  7:33  Pylon  
  102  7:41  Probe  
  102  7:46  Nexus  
  102  7:52  Nexus  
  102  7:54  Void Ray x2 (Chrono Boost)  
  102  7:57  Photon Cannon  
  110  8:04  Pylon  
  110  8:06  Probe  
  110  8:08  Pylon  
  110  8:12  Gateway  
  107  8:14  Zealot  
  109  8:25  Void Ray, Pylon  
  107  8:30  Void Ray  
  105  8:34  Probe  
  105  8:35  Zealot  
  106  8:46  Probe  
  106  8:47  Probe  
  112  8:57  Void Ray  
  112  8:59  Probe  
  112  9:00  Probe  
  114  9:03  Pylon x3  
  114  9:06  Pylon  
  114  9:13  Twilight Council  
  114  9:18  Pylon  
  114  9:28  Fleet Beacon  
  114  9:29  Probe  
  116  9:31  Probe  
  116  9:41  Probe  
  116  9:43  Probe  
  116  9:44  Photon Cannon, Shield Battery  
  118  9:46  Photon Cannon  
  118  9:50  Photon Cannon  
  118  9:52  Photon Cannon  
  118  9:53  Probe  
  118  9:54  Sentry, Assimilator  
  118  9:55  Probe  
  118  9:59  Assimilator  
  122  10:05  Probe  
  122  10:07  Probe  
  122  10:10  Photon Cannon  
  119  10:18  Probe  
  119  10:19  Tempest (Chrono Boost), Probe  
  124  10:30  Tempest (Chrono Boost), Probe  
  124  10:31  Probe  
  124  10:32  Sentry  
  133  10:42  Probe  
  133  10:44  Shield Battery, Probe  
  129  10:55  Flux Vanes, Probe (Chrono Boost)  
  129  10:56  Probe (Chrono Boost)  
  127  11:02  Probe (Chrono Boost)  
  128  11:08  Photon Cannon, Probe (Chrono Boost)  
  128  11:10  Tempest  
  135  11:11  Probe (Chrono Boost)  
  135  11:15  Twilight Council, Probe (Chrono Boost)  
  135  11:16  Probe (Chrono Boost)  
  134  11:23  Probe (Chrono Boost)  
  133  11:32  Carrier, Probe (Chrono Boost)  
  140  11:39  Probe (Chrono Boost)  
  140  11:48  Carrier  
  131  11:59  Adept  
Tags
 
Add a new tag
Caveats
  • Supply blocks, unpowered buildings, or Contaminate may cause inaccurate times.
  • Supply counts are checked every 10 seconds.